 Dungeon Sprint DCSS version 0.21.1-1-g345015f (webtiles) character file.

999 wilfster70 the Covert (level 8, -1/64 HPs)
             Began as a Gnoll Enchanter on Apr 20, 2018.
             Was an Initiate of Dithmenos.
             Slain by a deep troll (24 damage)
             ... in the Dungeon (Sprint I: "Red Sonja") on Apr 26, 2018.
             The game lasted 00:03:04 (391 turns).

wilfster70 the Covert (Gnoll Enchanter)              Turns: 391, Time: 00:03:04

Health: -1/64      AC:  2    Str: 10    XL:     8   Next: 19%
Magic:  12/20      EV: 17    Int: 19    God:    Dithmenos [......]
Gold:   58         SH:  0    Dex: 17    Spells: 17/23 levels left

rFire    . . .     SeeInvis +   a - +1 dagger
rCold    . . .     Gourm    .   (no shield)
rNeg     . . .     Faith    .   m - +0 robe
rPois    .         Spirit   .   (no helmet)
rElec    .         Reflect  .   (no cloak)
rCorr    .         Harm     .   (no gloves)
MR       .....     NoTele   +   (no boots)
Stlth    ++++......             (no amulet)
HPRegen  0.20/turn              l - ring of see invisible
MPRegen  0.17/turn              (no ring)

@: no status effects
A: distributed training, fangs 1, strong nose
a: Renounce Religion


You were in the Dungeon.
You worshipped Dithmenos.
Dithmenos was noncommittal.
You were not hungry.

You visited 1 branch You collected 405 gold pieces.
You spent 347 gold pieces at shops.

Inventory:

Hand Weapons
 a - a +1 dagger (weapon)
 b - the +8 broad axe "Zampon" {flame, rPois}
   (You bought it in a shop in the Dungeon)

   It has been specially enchanted to burn those struck by it, causing extra
   injury to most foes and up to half again as much damage against particularly
   susceptible opponents.
   Big, fiery blades are also staple armaments of hydra-hunters.
   It protects you from poison.
   Dithmenos disapproves of the use of such an item.
Armour
 m - a +0 robe (worn)
Jewellery
 l - a ring of see invisible (left hand)
Scrolls
 i - a scroll of enchant weapon {unknown}
 j - a scroll of blinking
Potions
 e - 2 potions of curing
 f - a potion of heal wounds
 g - a potion of haste
 h - 2 potions of magic
 k - a potion of berserk rage
Books
 c - a book of Maledictions

   Spells                             Type                      Level
   a - Corona                         Hexes                        1
   b - Ensorcelled Hibernation        Hexes/Ice                    2
   c - Confuse                        Hexes                        3
   d - Tukima's Dance                 Hexes                        3
   e - Dazzling Spray                 Conjuration/Hexes            3
Comestibles
 d - a ration


   Skills:
 + Level 6.1 Fighting
 + Level 6.7 Short Blades
 + Level 6.1 Long Blades
 + Level 6.1 Axes
 + Level 6.1 Maces & Flails
 + Level 6.1 Polearms
 + Level 6.1 Staves
 + Level 6.1 Slings
 + Level 6.1 Bows
 + Level 6.1 Crossbows
 + Level 6.1 Throwing
 + Level 6.1 Armour
 + Level 7.7 Dodging
 + Level 8.7 Stealth
 + Level 6.1 Shields
 + Level 6.1 Unarmed Combat
 + Level 8.0 Spellcasting
 + Level 5.1 Conjurations
 + Level 7.5 Hexes
 + Level 5.1 Charms
 + Level 5.1 Summonings
 + Level 5.1 Necromancy
 + Level 5.1 Translocations
 + Level 5.1 Transmutations
 + Level 5.1 Fire Magic
 + Level 5.1 Ice Magic
 + Level 5.1 Air Magic
 + Level 5.1 Earth Magic
 + Level 5.1 Poison Magic
 + Level 6.7 Invocations
 + Level 6.1 Evocations


You had 17 spell levels left.
You knew the following spells:

 Your Spells              Type           Power        Failure   Level  Hunger
a - Corona                Hex            #####..      1%          1    None
b - Ensorcelled Hibernat  Hex/Ice        ####..       1%          2    None
c - Confuse               Hex            #####...     1%          3    None


Dungeon Overview and Level Annotations

Branches:
Dungeon (1/1)

Altars:
Cheibriados
Dithmenos
Elyvilon
Fedhas
Gozag
Hepliaklqana
Kikubaaqudgha
Nemelex Xobeh
Okawaru
Qazlal
Ru
Sif Muna
Trog
Uskayaw
Vehumet
Wu Jian
Yredelemnul
Zin
The Shining One

Shops:
D (*


Innate Abilities, Weirdness & Mutations

Your experience applies equally to all skills.
You have very sharp teeth.
Your uncanny sense of smell can sniff out nearby items.


Message History

Aim: a deep troll (chance to defeat MR: 42%)
The deep troll resists with some effort.
The deep troll barely misses you. The deep troll claws you!
The deep troll barely misses you.
Casting: Ensorcelled Hibernation
Confirm with . or Enter, or press ? or * to list all spells.
Aiming: Ensorcelled Hibernation
Press: ? - help, Shift-Dir - straight line, f/p - deep troll
Aim: a deep troll (chance to defeat MR: 42%)
The deep troll resists with some effort.
The deep troll misses you. The deep troll claws you!
The deep troll closely misses you.
Casting: Ensorcelled Hibernation
Confirm with . or Enter, or press ? or * to list all spells.
Aiming: Ensorcelled Hibernation
Press: ? - help, Shift-Dir - straight line, f/p - deep troll
Aim: a deep troll (chance to defeat MR: 42%)
The deep troll resists with some effort.
The deep troll bites you!!
You die...

#..#####'#####'#
#..####..#...#.# ∆∆
#..#__####..##.# ∆
#..#_____##'#_.+
#⌠⌠#_.∩...'..._# ∆
####_..__##_.#+#
∆∆#_____###'#∆ ∆∆∆∆
############.####+###∆
#∩^.......'...'@T.$$+∆
###++++####.).#######
##.## ∆#+#∆ ∆∆∆∆∆
∆∆∆∆∆ ∆∆∆∆ ∆∆∆


You could see a deep troll.

Vanquished Creatures
  Sonja (D)
  Sigmund (D)
  A yak (D)
  An ogre (D)
  A jelly (D)
  Ijyb (D)
6 creatures vanquished.

Notes
Turn   | Place    | Note
-------+----------+-------------------------------------------
     0 | D        | wilfster70 the Gnoll Enchanter began the quest for the Orb.
     0 | D        | Reached XP level 1. HP: 13/13 MP: 6/6
     1 | D        | Noticed Ijyb
    11 | D        | Killed Ijyb
    11 | D        | Reached skill level 1 in Fighting
    11 | D        | Reached skill level 1 in Long Blades
    11 | D        | Reached skill level 1 in Axes
    11 | D        | Reached skill level 1 in Maces & Flails
    11 | D        | Reached skill level 1 in Polearms
    11 | D        | Reached skill level 1 in Staves
    11 | D        | Reached skill level 1 in Slings
    11 | D        | Reached skill level 1 in Bows
    11 | D        | Reached skill level 1 in Crossbows
    11 | D        | Reached skill level 1 in Throwing
    11 | D        | Reached skill level 1 in Armour
    11 | D        | Reached skill level 1 in Shields
    11 | D        | Reached skill level 1 in Unarmed Combat
    11 | D        | Reached skill level 5 in Spellcasting
    11 | D        | Reached skill level 1 in Conjurations
    11 | D        | Reached skill level 1 in Charms
    11 | D        | Reached skill level 1 in Summonings
    11 | D        | Reached skill level 1 in Necromancy
    11 | D        | Reached skill level 1 in Translocations
    11 | D        | Reached skill level 1 in Transmutations
    11 | D        | Reached skill level 1 in Fire Magic
    11 | D        | Reached skill level 1 in Ice Magic
    11 | D        | Reached skill level 1 in Air Magic
    11 | D        | Reached skill level 1 in Earth Magic
    11 | D        | Reached skill level 1 in Poison Magic
    11 | D        | Reached skill level 1 in Invocations
    11 | D        | Reached skill level 1 in Evocations
    11 | D        | Reached XP level 2. HP: 22/22 MP: 8/8
    11 | D        | Reached XP level 3. HP: 27/27 MP: 9/9
    19 | D        | Learned a level 2 spell: Ensorcelled Hibernation
    23 | D        | Learned a level 3 spell: Confuse
    62 | D        | Noticed an ogre
    65 | D        | Killed an ogre
    65 | D        | Reached skill level 5 in Dodging
    65 | D        | Reached XP level 4. HP: 35/35 MP: 9/11
    74 | D        | Noticed Sigmund
    77 | D        | Killed Sigmund
    77 | D        | Reached skill level 5 in Short Blades
    77 | D        | Reached XP level 5. HP: 42/42 MP: 11/14
    77 | D        | Reached XP level 6. HP: 48/48 MP: 11/15
   116 | D        | Found an ornate altar of the Wu Jian Council.
   116 | D        | Found a deep blue altar of Sif Muna.
   118 | D        | Found a radiant altar of Vehumet.
   132 | D        | Found Seygh's Assorted Antiques.
   132 | D        | Found an ancient bone altar of Kikubaaqudgha.
   132 | D        | Found a hazy altar of Hepliaklqana.
   132 | D        | Found a stormy altar of Qazlal.
   132 | D        | Found a hide-covered altar of Uskayaw.
   132 | D        | Found a blossoming altar of Fedhas.
   132 | D        | Found a bloodstained altar of Trog.
   132 | D        | Found an iron altar of Okawaru.
   132 | D        | Found a basalt altar of Yredelemnul.
   132 | D        | Found a glowing golden altar of the Shining One.
   132 | D        | Found a snail-covered altar of Cheibriados.
   132 | D        | Found a sacrificial altar of Ru.
   132 | D        | Found a glowing silver altar of Zin.
   132 | D        | Found a shadowy altar of Dithmenos.
   132 | D        | Found a white marble altar of Elyvilon.
   132 | D        | Noticed a yak
   133 | D        | Found an opulent altar of Gozag.
   138 | D        | Killed a yak
   138 | D        | Reached skill level 5 in Fighting
   138 | D        | Reached skill level 5 in Long Blades
   138 | D        | Reached skill level 5 in Axes
   138 | D        | Reached skill level 5 in Maces & Flails
   138 | D        | Reached skill level 5 in Polearms
   138 | D        | Reached skill level 5 in Staves
   138 | D        | Reached skill level 5 in Slings
   138 | D        | Reached skill level 5 in Bows
   138 | D        | Reached skill level 5 in Crossbows
   138 | D        | Reached skill level 5 in Throwing
   138 | D        | Reached skill level 5 in Armour
   138 | D        | Reached skill level 5 in Shields
   138 | D        | Reached skill level 5 in Unarmed Combat
   138 | D        | Reached skill level 5 in Invocations
   138 | D        | Reached skill level 5 in Evocations
   138 | D        | Reached XP level 7. HP: 50/56 MP: 7/17
   139 | D        | Found a sparkling altar of Nemelex Xobeh.
   145 | D        | Became a worshipper of Dithmenos the Shadowed
   148 | D        | Bought a small opal ring for 95 gold pieces
   204 | D        | Noticed Sonja
   211 | D        | Killed Sonja
   211 | D        | Reached skill level 5 in Conjurations
   211 | D        | Reached skill level 5 in Charms
   211 | D        | Reached skill level 5 in Summonings
   211 | D        | Reached skill level 5 in Necromancy
   211 | D        | Reached skill level 5 in Translocations
   211 | D        | Reached skill level 5 in Transmutations
   211 | D        | Reached skill level 5 in Fire Magic
   211 | D        | Reached skill level 5 in Ice Magic
   211 | D        | Reached skill level 5 in Air Magic
   211 | D        | Reached skill level 5 in Earth Magic
   211 | D        | Reached skill level 5 in Poison Magic
   211 | D        | Reached XP level 8. HP: 34/64 MP: 12/20
   363 | D        | Found Iriedir's Antique Weapon Boutique.
   371 | D        | Bought a crude broad axe for 252 gold pieces
   371 | D        | Identified the +8 broad axe "Zampon" {flame, rPois} (You bought it in a shop in the Dungeon)
   385 | D        | Noticed a deep troll
   391 | D        | Slain by a deep troll

Skill      XL: |  1  2  3  4  5  6  7 |
---------------+----------------------+-----
Fighting       | 1 3 4 5 6 |  6.1
Short Blades   | 3 4 5 6 |  6.7
Long Blades    | 1 3 4 5 6 |  6.1
Axes           | 1 3 4 5 6 |  6.1
Maces & Flails | 1 3 4 5 6 |  6.1
Polearms       | 1 3 4 5 6 |  6.1
Staves         | 1 3 4 5 6 |  6.1
Slings         | 1 3 4 5 6 |  6.1
Bows           | 1 3 4 5 6 |  6.1
Crossbows      | 1 3 4 5 6 |  6.1
Throwing       | 1 3 4 5 6 |  6.1
Armour         | 1 3 4 5 6 |  6.1
Stealth        | 6 7 8 |  8.7
Shields        | 1 3 4 5 6 |  6.1
Unarmed Combat | 1 3 4 5 6 |  6.1
Spellcasting   | 5 6 7 8 |  8.0
Conjurations   | 1 2 3 4 5 |  5.1
Charms         | 1 2 3 4 5 |  5.1
Summonings     | 1 2 3 4 5 |  5.1
Necromancy     | 1 2 3 4 5 |  5.1
Translocations | 1 2 3 4 5 |  5.1
Transmutations | 1 2 3 4 5 |  5.1
Fire Magic     | 1 2 3 4 5 |  5.1
Ice Magic      | 1 2 3 4 5 |  5.1
Air Magic      | 1 2 3 4 5 |  5.1
Earth Magic    | 1 2 3 4 5 |  5.1
Poison Magic   | 1 2 3 4 5 |  5.1
Invocations    | 1 3 4 5 6 |  6.7
Evocations     | 1 3 4 5 6 |  6.1
Dodging        | 5 6 7 |  7.7
Hexes          | 6 7 |  7.5

Action                   |  1- 3 |  4- 6 |  7- 9 || total
-------------------------+-------+-------+-------++-------
Melee: Dagger            |     9 |     3 |     1 ||    13
       Bite              |     1 |       |       ||     1
 Cast: Ensorcelled Hiber |       |     5 |     7 ||    12
  Use: Potion            |     1 |       |       ||     1
 Stab: Sleeping          |     1 |     3 |     1 ||     5
Dodge: Dodged            |     3 |     3 |    14 ||    20
